 Dungeon Crawl Stone Soup version bcrawl-1.41.1 (webtiles) character file.

Game seed: 11538115716581438230

130625 Yshiel the Chiller (level 3, -9/25 HPs)
             Began as a Gnoll Ice Elementalist on Apr 26, 2024.
             Mangled by a bullfrog skeleton (10 damage)
             ... on level 2 of the Dungeon.
             The game lasted 00:07:08 (761 turns).

Yshiel the Chiller (Gnoll Ice Elementalist)          Turns: 761, Time: 00:07:09

Health: -9/25      AC:  2    Str: 10    XL:     3   Next: 27%
Magic:  1/9        EV: 14    Int: 18    God:
Gold:   67         SH:  0    Dex: 15    Spells: 11/12 levels left

rFire    . . .     GDR:     27% d - +0 dagger
rCold    . . .     SeeInvis .   (no shield)
rNeg     . . .     Gourm    .   a - +0 robe
rPois    .         Faith    .   (no helmet)
rElec    .         Spirit   .   (no cloak)
rCorr    .         Reflect  .   (no gloves)
MR       .....                  (no boots)
Stlth    +++.......             (no amulet)
HPRegen  0.14/turn              (no ring)
MPRegen  0.11/turn              (no ring)

@: no status effects
A: distributed training, fangs 1, strong nose
a: no special abilities


You were on level 2 of the Dungeon.
You were not hungry.

You visited 1 branch of the dungeon, and saw 2 of its levels.

You collected 67 gold pieces.

Inventory:

Hand Weapons
 d - a +0 dagger (weapon)
 i - a +0 club
Missiles
 h - 80 poisoned tomahawks (quivered)
 j - 398 stones
Armour
 a - a +0 robe (worn)
Wands
 c - a wand of iceblast (1)
Scrolls
 k - a scroll of fear {unknown}
 l - a scroll of enchant armour {unknown}
 m - a scroll of teleportation {unknown}
Potions
 b - a potion of ambrosia {unknown}
 f - a potion of degeneration {unknown}
Comestibles
 e - 2 rations {!d}
 g - 3 chunks of flesh


   Skills:
 + Level 0.6 Fighting
 + Level 0.6 Short Blades
 + Level 0.6 Long Blades
 + Level 0.6 Axes
 + Level 0.6 Maces & Flails
 + Level 0.6 Polearms
 + Level 0.6 Staves
 + Level 0.6 Slings
 + Level 0.6 Bows
 + Level 0.6 Crossbows
 + Level 0.6 Throwing
 + Level 0.6 Armour
 + Level 4.5 Dodging
 + Level 4.5 Stealth
 + Level 0.6 Shields
 + Level 0.6 Unarmed Combat
 + Level 5.0 Spellcasting
 + Level 2.1 Conjurations
 + Level 0.4 Hexes
 + Level 0.4 Charms
 + Level 0.4 Summonings
 + Level 0.4 Necromancy
 + Level 0.4 Translocations
 + Level 0.4 Transmutations
 + Level 0.4 Fire Magic
 + Level 5.4 Ice Magic
 + Level 0.4 Air Magic
 + Level 0.4 Earth Magic
 + Level 0.4 Poison Magic
 + Level 0.8 Invocations
 + Level 0.6 Evocations


You had 11 spell levels left.
You knew the following spells:

 Your Spells              Type           Power        Failure   Level  Hunger
a - Freeze                Ice            ###...       1%          1    None

Your spell library contained the following spells:

 Spells                   Type           Power        Failure   Level  Hunger
 Throw Frost              Conj/Ice       ###...       1%          2    None
 Ozocubu's Armour         Chrm/Ice       ###.....     12%         3    ###....
 Throw Icicle             Conj/Ice       ###.....     28%         4    #####..
 Ice Form                 Ice/Tmut       ###.....     36%         4    #####..
 Summon Ice Beast         Ice/Summ       ###.....     36%         4    #####..


Dungeon Overview and Level Annotations

Branches:
Dungeon (2/12)

Altars:


Innate Abilities, Weirdness & Mutations

Your experience applies equally to all skills.
You have very sharp teeth.
Your uncanny sense of smell can sniff out nearby items.


Message History

The bullfrog skeleton is moderately damaged.
The bullfrog skeleton misses you.
Casting: Freeze (safe; 1% risk of failure)
Confirm with . or Enter, or press ? or * to list all spells.
Aiming: Freeze (safe; 1% risk of failure)
Press: ? - help, Shift-Dir - straight line, f/p - bullfrog skeleton
Aim: a bullfrog skeleton (moderately damaged)
The bullfrog skeleton completely resists.
You freeze the bullfrog skeleton but do no damage.
The bullfrog skeleton misses you. The bullfrog skeleton hits you.
* * * LOW HITPOINT WARNING * * *
Casting: Freeze (safe; 1% risk of failure)
Confirm with . or Enter, or press ? or * to list all spells.
Aiming: Freeze (safe; 1% risk of failure)
Press: ? - help, Shift-Dir - straight line, f/p - bullfrog skeleton
Aim: a bullfrog skeleton (moderately damaged)
The bullfrog skeleton completely resists.
You freeze the bullfrog skeleton but do no damage.
The bullfrog skeleton hits you!
You die...

∆ #
#######.+
#.......#...
#.<.......#
#@#####.#.#
#Z#####.#
####.#.....#
#........#
#........+
#.....!..#
#........#
#........#
#........+


You could see a bullfrog skeleton.

Vanquished Creatures
  A worm (D:2)
  A dart slug (D:1)
  A leopard gecko (D:1)
  3 bats (D:1)
  5 hobgoblins (D:1)
  2 kobolds (D:1)
  2 frilled lizards (D:1)
  6 goblins (D:1)
  4 rats (D:1)
25 creatures vanquished.

Notes
Turn   | Place    | Note
-------+----------+-------------------------------------------
     0 | D:1      | Yshiel the Gnoll Ice Elementalist began the quest for the
                  | Orb.
     0 | D:1      | Reached XP level 1. HP: 13/13 MP: 6/6
    80 | D:1      | Reached XP level 2. HP: 19/19 MP: 1/7
   397 | D:1      | Reached XP level 3. HP: 25/25 MP: 7/9
   464 | D:1      | Reached skill level 5 in Spellcasting
   760 | D:2      | HP: 1/25 [bullfrog skeleton (2)]
   761 | D:2      | Mangled by a bullfrog skeleton

Skill      XL: |  1  2  3 |
---------------+----------+-----
Conjurations   | 2 |  2.1
Spellcasting   | 5 |  5.0
Fighting       | |  0.6
Short Blades   | |  0.6
Long Blades    | |  0.6
Axes           | |  0.6
Maces & Flails | |  0.6
Polearms       | |  0.6
Staves         | |  0.6
Slings         | |  0.6
Bows           | |  0.6
Crossbows      | |  0.6
Throwing       | |  0.6
Armour         | |  0.6
Dodging        | |  4.5
Stealth        | |  4.5
Shields        | |  0.6
Unarmed Combat | |  0.6
Hexes          | |  0.4
Charms         | |  0.4
Summonings     | |  0.4
Necromancy     | |  0.4
Translocations | |  0.4
Transmutations | |  0.4
Fire Magic     | |  0.4
Ice Magic      | |  5.4
Air Magic      | |  0.4
Earth Magic    | |  0.4
Poison Magic   | |  0.4
Invocations    | |  0.8
Evocations     | |  0.6

Action                   || total
-------------------------++-------
Melee: Whip              ||     8
       Club              ||     6
       Dagger            ||    16
       Bite              ||     3
 Cast: Freeze            ||    35
  Use: Scroll            ||     1
 Stab: Sleeping          ||     4
  Eat: Chunk             ||     1
Armor: Robe              ||     9
Dodge: Dodged            ||    37
